 Dungeon Crawl Stone Soup version 0.19.1 (webtiles) character file.

10175 bigmoney the Carver (level 11, -4/81 HPs)
             Began as a Demonspawn Wanderer on Nov 29, 2016.
             Was an Elder of Okawaru.
             Slain by Urug
             ... wielding a +2 halberd of protection
              (20 damage)
             ... on level 10 of the Dungeon.
             The game lasted 00:24:22 (13299 turns).

bigmoney the Carver (Demonspawn Wanderer)          Turns: 13299, Time: 00:24:22

Health: -4/81      AC: 13    Str: 20 (21) XL:     11   Next: 32%
Magic:  13/14      EV: 13    Int: 13      God:    Okawaru [****..]
Gold:   417        SH:  0    Dex: 15      Spells: 0 memorised, 10 levels left

rFire  . . .     SeeInvis +     O - +4 falchion (curse)
rCold  + . .     Gourm    .     F - +0 scale mail
rNeg   . . .     Faith    .     (no shield)
rPois  .         Spirit   .     (helmet unavailable)
rElec  .         Reflect  .     h - +1 cloak {MR+}
rCorr  .         Harm     .     z - +0 pair of gloves
MR     +....                    (no boots)
Stlth  ++........               (no amulet)
                                s - +5 ring of strength
                                I - ring of see invisible

@: heroism, drained
A: horns 3, thin skeletal structure 1, cold resistance 1, deterioration 1, low
mp 1, freezing cloud immunity
a: Heroism, Renounce Religion


You were on level 10 of the Dungeon.
You worshipped Okawaru.
Okawaru was greatly pleased with you.
You were not hungry.

You visited 1 branch of the dungeon, and saw 10 of its levels.

You collected 558 gold pieces.
You spent 141 gold pieces at shops.

Inventory:

Hand Weapons
 a - a +2 dagger
 c - a +0 short sword
 e - a +0 blowgun
 m - a +1 long sword
 p - a +2 hand axe of chopping
 y - a +2 dagger of venom
 B - a +0 falchion
 G - a +4 quarterstaff of chaos
 O - a cursed +4 falchion (weapon)
Missiles
 d - 23 poisoned needles
 C - 3 throwing nets (quivered)
Armour
 f - a +0 robe
 h - a +1 cloak of magic resistance (worn)
 w - a +0 ring mail
 z - a +0 pair of gloves (worn)
 F - a +0 scale mail (worn)
Jewellery
 q - an uncursed ring of wizardry
 s - a +5 ring of strength (right hand)
 x - an uncursed ring of flight
 I - a ring of see invisible (left hand)
Wands
 b - a wand of teleportation (2/9)
 n - a wand of iceblast (7/15)
 r - a wand of random effects (16/48)
 t - a wand of confusion (32/48)
 K - a wand of flame (38/48)
 M - a wand of slowing (31/48)
Scrolls
 j - 2 scrolls of recharging
 k - 8 scrolls of identify
 l - 3 scrolls of magic mapping
 o - 3 scrolls of remove curse
 v - 2 scrolls of enchant armour
 A - a scroll of blinking
Potions
 H - a potion of flight
 N - a potion of lignification
 P - a potion of curing
 Q - a potion of ambrosia
Books
 E - a book of Callings

   Spells                             Type                      Level
   a - Summon Small Mammal            Summoning                    1
   b - Call Imp                       Summoning                    2
   c - Call Canine Familiar           Summoning                    3
   d - Summon Guardian Golem          Hexes/Summoning              3
   e - Summon Lightning Spire         Summoning/Air                4
   f - Summon Ice Beast               Ice/Summoning                4
 L - a book of Geomancy

   Spells                             Type                      Level
   a - Sandblast                      Earth                        1
   b - Passwall                       Transmutation/Earth          2
   c - Stone Arrow                    Conjuration/Earth            3
   d - Petrify                        Transmutation/Earth          4
   e - Lee's Rapid Deconstruction     Earth                        5
Miscellaneous
 R - a phial of floods
Comestibles
 g - 4 bread rations
 i - 2 royal jellies
 u - 4 meat rations
 D - 10 fruits
 J - 7 beef jerkies


   Skills:
 - Level 6.1(10.6) Fighting
 - Level 1.7(12.8) Short Blades
 + Level 12.4(16.9) Long Blades
 - Level 1.0(5.6) Throwing
 - Level 7.7(12.2) Armour
 - Level 1.0(5.6) Dodging
 - Level 1.7(6.3) Stealth
 - Level 1.0(5.6) Unarmed Combat
 - Level 6.1(5.7) Invocations
 - Level 1.0(0.6) Evocations


You had 10 spell levels left.
You didn't know any spells.

Dungeon Overview and Level Annotations

Branches:
Dungeon (10/15)            Temple (0/1) D:6
   Lair: D:8-11         Orc: D:9-12

Altars:
Ashenzari
Cheibriados
Dithmenos
Elyvilon
Fedhas
Gozag
Hepliaklqana
Kikubaaqudgha
Nemelex Xobeh
Okawaru
Ru

Shops:
D:4 }   D:6 *   D:8 *

Annotations:
D:4 TheSquall's ghost, amateur MiFi
D:10 Urug


Innate Abilities, Weirdness & Mutations

You have a pair of large horns on your head.
You have a somewhat thin skeletal structure. (Dex +2, Stealth)
Your flesh is cold resistant. (rC+)
You are immune to freezing clouds.
Your body sometimes deteriorates upon taking damage.
Your magical capacity is low. (-10% MP)


Message History

a dagger; a robe You miss Urug.
You headbutt Urug, but do no damage. You slash Urug!
You headbutt Urug, but do no damage.
Urug is lightly wounded.
Urug hits you but does no damage.
You barely miss Urug.
Urug is lightly wounded.
Your scale mail prevents you from hitting Urug.
You headbutt Urug, but do no damage.
Urug is lightly wounded.
Urug hits you with a halberd of protection!
Your body deteriorates!
You feel weakened.
You hit Urug.
Urug is moderately wounded.
You barely miss Urug.
Urug is moderately wounded.
Urug hits you with a halberd of protection!
* * * LOW HITPOINT WARNING * * *
Urug hits you from afar with a halberd of protection!!
You die...

#.... ..# #.....
##..# #.....#
#8...# ##.....#
....P#
.......##..8..#
..........P8.#
........o....#
###+####..).....#
#......#.@......#
#......#.##.....#
#......#.# .....#
#......'.# .....#
#......#.# .....#
#...%..#.##.....#
#......#........#
#....$.#........#
.....<.#...##>..#


You could see Urug.

Vanquished Creatures
  The ghost of AAAAA the Skirmisher, a novice HuFi of Okawaru (D:9)
  The ghost of Tyryt0 the Carver, a novice HuFi of Qazlal (D:6)
  An unseen horror (D:9)
  A hill giant (D:9)
  Pikel (D:8)
  The ghost of tscho the Transmogrifier, a novice VSTm (D:5)
  A cyclops (D:9)
  A troll (D:9)
  2 two-headed ogres
  A hippogriff (D:7)
  Sigmund (D:5)
  A wyvern (D:9)
  4 yaks (D:9)
  Menkaure (D:5)
  2 orc warriors
  2 sky beasts
  4 slaves (D:8)
  A phantom (D:8)
  A necrophage (D:10)
  6 ogres
  4 centaurs
  6 bullfrogs
  A gnoll sergeant (D:8)
  A wyvern zombie (D:9)
  A wyvern skeleton (D:9)
  6 scorpions
  5 killer bees (D:8)
  10 wights
  An electric eel (D:8)
  8 crimson imps
  2 bullfrog zombies (D:9)
  2 centaur zombies
  7 hounds
  A quasit (D:9)
  7 orc priests
  2 jellies (D:8)
  7 orc wizards
  Crazy Yiuf (D:5)
  A centaur skeleton (D:5)
  2 bullfrog skeletons
  5 iguanas
  12 worker ants
  2 hound zombies
  2 hound skeletons
  A mummy (D:10)
  11 gnolls
  10 adders
  An ooze (D:3)
  An adder zombie (D:7)
  A worm (D:4)
  2 adder skeletons
  5 dart slugs
  2 leopard geckos
  34 orcs
  5 bats
  6 giant cockroaches
  4 goblins
  6 hobgoblins
  12 jackals
  4 quokkas
  A ball python (D:3)
  5 frilled lizards
  4 kobolds
  A quokka skeleton (D:5)
  A quokka zombie (D:6)
  12 rats
259 creatures vanquished.

Vanquished Creatures (collateral kills)
  A freezing wraith (D:9)
  An orc wizard (D:9)
2 creatures vanquished.

Vanquished Creatures (others)
  A quokka (D:7)
1 creature vanquished.

Grand Total: 262 creatures vanquished

Notes
Turn   | Place    | Note
-------+----------+-------------------------------------------
     0 | D:1      | bigmoney the Demonspawn Wanderer began the quest for the Orb.
     0 | D:1      | bigmoney set off with: a +2 dagger, a potion of heal wounds, a +0 short sword, 10 poisoned needles, a +0 blowgun, a +0 robe, a bread ration
     0 | D:1      | Reached XP level 1. HP: 16/16 MP: 1/1
   277 | D:1      | Gained mutation: You have a somewhat thin skeletal structure. (Dex +2, Stealth) [demonic ancestry]
   277 | D:1      | Reached XP level 2. HP: 19/23 MP: 2/2
  1336 | D:2      | Reached XP level 3. HP: 24/30 MP: 3/3
  1383 | D:2      | Found an ancient bone altar of Kikubaaqudgha.
  2092 | D:3      | Found a shattered altar of Ashenzari.
  2155 | D:3      | Reached XP level 4. HP: 31/37 MP: 4/4
  2614 | D:3      | Reached skill level 5 in Fighting
  2822 | D:3      | Gained mutation: Your flesh is cold resistant. (rC+) [demonic ancestry]
  2822 | D:3      | Reached XP level 5. HP: 40/44 MP: 5/5
  2833 | D:3      | Found a shadowy altar of Dithmenos.
  3107 | D:4      | Found Qoaxuno's Gadget Emporium.
  3265 | D:4      | Reached skill level 1 in Armour
  3289 | D:4      | Reached XP level 6. HP: 43/52 MP: 6/6
  4109 | D:4      | Noticed TheSquall's ghost (amateur MiFi)
  4199 | D:5      | Entered Level 5 of the Dungeon
  4280 | D:5      | Reached XP level 7. HP: 51/58 MP: 7/7
  4282 | D:5      | Noticed tscho's ghost (novice VSTm)
  4302 | D:5      | Killed tscho's ghost
  4302 | D:5      | Reached skill level 5 in Armour
  4354 | D:5      | Found a sacrificial altar of Ru.
  4375 | D:5      | Noticed Sigmund
  4390 | D:5      | Killed Sigmund
  4390 | D:5      | Gained mutation: You are immune to freezing clouds. [demonic ancestry]
  4390 | D:5      | Reached XP level 8. HP: 32/64 MP: 8/8
  5183 | D:5      | Reached skill level 1 in Long Blades
  5314 | D:5      | Noticed Menkaure
  5333 | D:5      | Killed Menkaure
  5333 | D:5      | Reached skill level 2 in Long Blades
  5380 | D:5      | Reached skill level 3 in Long Blades
  5612 | D:5      | Reached skill level 4 in Long Blades
  5676 | D:5      | Found a runed door.
  5977 | D:5      | Noticed Crazy Yiuf
  5985 | D:5      | Killed Crazy Yiuf
  6224 | D:6      | Found an iron altar of Okawaru.
  6224 | D:6      | Found a faded altar of an unknown god.
  6229 | D:6      | Found a faded altar of an unknown god.
  6231 | D:6      | Found a faded altar of an unknown god.
  6234 | D:6      | Found a faded altar of an unknown god.
  6244 | D:6      | Became a worshipper of Warmaster Okawaru
  6288 | D:6      | Reached XP level 9. HP: 68/69 MP: 9/9
  6319 | D:6      | Reached skill level 5 in Long Blades
  6329 | D:6      | Noticed Tyryt0's ghost (novice HuFi)
  6459 | D:6      | Killed Tyryt0's ghost
  6459 | D:6      | Reached * piety under Okawaru
  6459 | D:6      | Reached skill level 6 in Long Blades
  7170 | D:6      | Reached skill level 7 in Long Blades
  7186 | D:6      | Found a staircase to the Ecumenical Temple.
  7387 | D:6      | Found Patuhic's General Store.
  7875 | D:7      | Reached skill level 8 in Long Blades
  7949 | D:7      | Found a blossoming altar of Fedhas.
  8088 | D:7      | Found a hazy altar of Hepliaklqana.
  8187 | D:7      | Found a white marble altar of Elyvilon.
  8683 | D:8      | Reached ** piety under Okawaru
  8683 | D:8      | Reached skill level 9 in Long Blades
  8848 | D:8      | Gained mutation: You have a pair of small horns on your head. [demonic ancestry]
  8848 | D:8      | Reached XP level 10. HP: 70/76 MP: 10/10
  8974 | D:8      | Noticed Pikel
  9006 | D:8      | Found a sacrificial altar of Ru.
  9338 | D:8      | Found Onaod's Assorted Antiques.
  9359 | D:8      | Killed Pikel
  9359 | D:8      | Reached skill level 10 in Long Blades
  9366 | D:8      | Bought a runed iron wand for 96 gold pieces
  9366 | D:8      | Bought a scroll labeled LEISOG SUYNUIJ for 24 gold pieces
  9366 | D:8      | Bought a cyan potion for 21 gold pieces
  9909 | D:8      | Reached *** piety under Okawaru
 10324 | D:9      | Noticed a cyclops
 10458 | D:9      | Reached skill level 11 in Long Blades
 10458 | D:9      | Reached skill level 1 in Invocations
 10459 | D:9      | Noticed AAAAA's ghost (novice HuFi)
 10805 | D:9      | Noticed an unseen horror
 10868 | D:9      | Killed an unseen horror
 11046 | D:9      | Found a sparkling altar of Nemelex Xobeh.
 11183 | D:9      | Reached **** piety under Okawaru
 11183 | D:9      | Received a gift from Okawaru
 11383 | D:9      | Noticed a hill giant
 11400 | D:9      | Killed a hill giant
 11400 | D:9      | Reached skill level 5 in Invocations
 11400 | D:9      | Gained mutation: You have a pair of horns on your head. [demonic ancestry]
 11400 | D:9      | Reached XP level 11. HP: 6/81 MP: 13/15
 11904 | D:9      | Found a snail-covered altar of Cheibriados.
 11937 | D:9      | Gained mutation: You have a pair of large horns on your head. [potion of mutation]
 11937 | D:9      | Gained mutation: Your magical capacity is low. (-10% MP) [potion of mutation]
 11937 | D:9      | Gained mutation: Your body sometimes deteriorates upon taking damage. [potion of mutation]
 12058 | D:9      | Killed AAAAA's ghost
 12058 | D:9      | Reached skill level 12 in Long Blades
 12592 | D:9      | Found an opulent altar of Gozag.
 13233 | D:10     | Entered Level 10 of the Dungeon
 13282 | D:10     | Noticed Urug
 13299 | D:10     | Slain by Urug

Skill      XL: |  1  2  3  4  5  6  7  8  9 10 11 |
---------------+----------------------------------+-----
Fighting       | 3 4 5 6 |  6.1
Armour         | 1 3 6 7 |  7.7
Long Blades    | 4 9 11 12 | 12.4
Invocations    | 5 6 |  6.1
Short Blades   | |  1.7
Throwing       | |  1.0
Dodging        | |  1.0
Stealth        | |  1.7
Unarmed Combat | |  1.0
Evocations     | |  1.0

Action                   |  1- 3 |  4- 6 |  7- 9 | 10-12 || total
-------------------------+-------+-------+-------+-------++-------
Melee: Dagger            |    75 |   130 |   188 |       ||   393
       Hand axe          |    57 |    40 |       |       ||    97
       Punch             |     1 |     1 |     2 |     2 ||     6
       Quarterstaff      |       |       |    75 |       ||    75
       Long sword        |       |       |   131 |   374 ||   505
       Headbutt          |       |       |       |   130 ||   130
       Falchion          |       |       |       |    61 ||    61
 Fire: Blowgun           |       |     2 |       |       ||     2
Throw: Throwing net      |       |       |       |     1 ||     1
Invok: Heroism           |       |       |       |     7 ||     7
Evoke: Wand              |       |       |       |     6 ||     6
  Use: Potion            |       |       |    18 |     5 ||    23
       Scroll            |       |       |    10 |     5 ||    15
 Stab: Sleeping          |     4 |     1 |       |       ||     5
       Invisible         |       |       |     2 |     8 ||    10
       Confused          |       |       |       |     1 ||     1
       Distracted        |       |       |       |     1 ||     1
  Eat: Chunk             |     4 |     7 |    10 |     4 ||    25
       Pizza             |       |       |     2 |       ||     2
       Bread ration      |       |       |     1 |     2 ||     3
Armor: Robe              |    20 |     1 |       |       ||    21
       Ring mail         |       |    29 |       |       ||    29
       Scale mail        |       |    17 |   126 |   156 ||   299
       Skin              |       |       |    20 |       ||    20
Dodge: Dodged            |    83 |    93 |   191 |   177 ||   544
       Rpst.: Long sword |       |       |    21 |    43 ||    64
       Falchion          |       |       |       |     3 ||     3
